 Dungeon Crawl Stone Soup version 0.27.1-34-g3ba077fa99 (webtiles) character file.

Game seed: 6481842873252476592

387448 Stajl the Phalangite (level 22, 0/224 HPs)
             Began as a Minotaur Fighter on Jan 21, 2022.
             Was the Champion of Trog.
             Drowned by a quicksilver ooze (16 damage)
             ... on level 1 of the Pits of Slime.
             The game lasted 01:41:05 (51074 turns).

Stajl the Phalangite (Minotaur Fighter)            Turns: 51074, Time: 01:41:05

Health: 0/224      AC: 43    Str: 40    XL:     22   Next: 2%
Magic:  9/18       EV:  9    Int:  5    God:    Trog [******]
Gold:   2903       SH:  0    Dex: 10    Spells: 21/21 levels left

rFire    + + .     SeeInvis +   F - +6 demon trident (venom)
rCold    + + .     Faith    .   Y - +2 kite shield {rF+}
rNeg     . . .     Spirit   .   n - +9 gold dragon scales
rPois    +         Reflect  +   y - +1 hat "Anininud" {rC+ Slay+3}
rElec    +         Harm     .   G - +2 cloak
rCorr    +         Rampage  .   d - +0 pair of gloves of Huum {rElec Str+3}
Will     +....     Rnd*Rage +   c - +1 pair of boots
Stlth    ..........             O - amulet "Wenihiat" {Reflect Fly rPois rCorr SH+5}
HPRegen  0.00/turn              o - +6 ring of strength
MPRegen  0.16/turn              x - ring of see invisible

@: confused, engulfed (cannot breathe), on berserk cooldown, flying, inhibited
regen, slowed, studying Dodging, invisible, very slow
A: horns 2, retaliatory headbutt, berserk 1, deterioration 1, low mp 1,
inhibited regeneration
}: 2/15 runes: barnacled, gossamer
a: Renounce Religion, Berserk, Trog's Hand, Brothers in Arms


You were on level 1 of the Pits of Slime.
You worshipped Trog.
Trog was exalted by your worship.
You visited 7 branches of the dungeon, and saw 38 of its levels.
You visited the Abyss 1 time.
You also visited: Sewer, Gauntlet and Ice Cave.

You collected 4872 gold pieces.
You spent 1969 gold pieces at shops.

Inventory:

Hand Weapons
 a - a +7 antimagic trident
 F - a +6 demon trident of venom (weapon)
Armour
 c - a +1 pair of boots (worn)
 d - the +0 pair of gloves of Huum (worn) {rElec Str+3}
   (You found it in a Gauntlet)

   Str:       It affects your strength (+3).
   rElec:     It insulates you from electricity.
 n - +9 gold dragon scales (worn)
 y - the +1 hat "Anininud" (worn) {rC+ Slay+3}
   (You acquired it on level 9 of the Dungeon)

   Slay:      It affects your accuracy & damage with ranged weapons and melee
   (+3).
   rC:        It protects you from cold.
 G - a +2 cloak (worn)
 W - the +4 scale mail "Killenku" {rCorr Int+2}
   (You found it on level 4 of the Lair of Beasts)

   Int:       It affects your intelligence (+2).
   rCorr:     It protects you from acid and corrosion.
 Y - a +2 kite shield of fire resistance (worn)
Jewellery
 j - an amulet of the acrobat
 l - a +6 ring of dexterity
 m - a +6 ring of dexterity
 o - a +6 ring of strength (left hand)
 q - an amulet of reflection
 v - a +4 ring of evasion
 x - a ring of see invisible (right hand)
 K - the ring "Jotaacaq" {Fly rN+}
   (You took it off a merfolk siren on level 4 of the Shoals)

   [ring of flight]

   rN:        It protects you from negative energy.
   Fly:       It grants you flight.
 L - an amulet of regeneration
 N - the ring "Manut" {rPois rF+ Int+2}
   (You found it in a Gauntlet)

   [ring of poison resistance]

   Int:       It affects your intelligence (+2).
   rF:        It protects you from fire.
   rPois:     It protects you from poison.
 O - the amulet "Wenihiat" (around neck) {Reflect Fly rPois rCorr SH+5}
   (You took it off a minotaur in a Gauntlet)

   [amulet of reflection]

   It reflects blocked missile attacks.
   rPois:     It protects you from poison.
   Fly:       It grants you flight.
   rCorr:     It protects you from acid and corrosion.
   SH:        It affects your SH (+5).
 P - a +4 ring of evasion
 V - a ring of positive energy
 Z - a ring of positive energy
Wands
 f - a wand of acid (12)
 r - a wand of iceblast (70) (quivered)
 A - a wand of polymorph (16)
 H - a wand of paralysis (41)
 I - a wand of digging (2)
 R - a wand of mindburst (49)
 U - a wand of flame (101)
 X - a wand of charming (9)
Scrolls
 b - 2 scrolls of brand weapon
 e - 12 scrolls of teleportation
 g - a scroll of summoning
 s - 7 scrolls of fog
 u - 3 scrolls of blinking
 w - 4 scrolls of enchant armour
 J - a scroll of silence
 M - 5 scrolls of fear
 S - 5 scrolls of magic mapping
 T - 19 scrolls of identify
Potions
 h - 13 potions of curing
 k - a potion of ambrosia
 t - 6 potions of berserk rage
 z - 3 potions of cancellation
 B - 3 potions of magic
 C - 8 potions of haste
 D - 6 potions of might


   Skills:
 + Level 24.7 Fighting
 + Level 25.5 Polearms
 - Level 23.1 Armour
 + Level 2.3 Dodging
 + Level 15.2 Shields


You had 21 spell levels left.
You didn't know any spells.
Your spell library contained the following spells:

 Spells                   Type           Power      Damage    Failure   Level
 Malign Gateway           Summ/Tloc      0%         N/A       100%        7
 Summon Horrible Things   Summ           0%         N/A       100%        8


Dungeon Overview and Level Annotations

Branches:
Dungeon (15/15)            Temple (0/1) D:7            Lair (6/6) D:10
 Shoals (4/4) Lair:3       Spider (4/4) Lair:3        Slime (2/5) Lair:6
    Orc (2/2) D:12            Elf (0/3) Orc:2        Vaults (0/5) D:13
 Depths (5/5) D:15            Zot (0/5) Depths:5      Sewer (visited)
  IceCv (visited)         Gauntlet (visited)

Altars:
Ashenzari
Cheibriados
Elyvilon
Fedhas
Gozag
Hepliaklqana
Kikubaaqudgha
Nemelex Xobeh
Okawaru
Qazlal
Ru
Sif Muna
Trog
Uskayaw
Vehumet
Xom
Zin
Beogh

Shops:
D:10 *   D:13 [   D:14 =   Orc:1 [   Orc:2 *((?[   Shoals:3 (   Shoals:4 *
Depths:1 **   Depths:2 *

Portals:
Hell: Depths:1 Depths:2 Depths:3 Depths:4 Depths:5
Abyss: Depths:4
Pandemonium: Depths:3 Depths:5
Ziggurat: Depths:4
Trove: D:14 (give 6 scrolls of fear)

Annotations:
Depths:2 1 transporter
Depths:3 1 runed translucent door


Innate Abilities, Weirdness & Mutations

You have a pair of horns on your head.
You reflexively headbutt those who attack you in melee.
You tend to lose your temper in combat.
Your body sometimes deteriorates upon taking damage.
Your magical capacity is low. (-10% MP)
You do not regenerate when monsters are visible.


Message History

The quicksilver ooze closely misses you.
The slime creature hits you but does no damage.
The golden eye blinks at you. You resist with almost no effort.
The large slime creature hits you but does no damage.
You feel better.
* * * LOW HITPOINT WARNING * * *
Your lungs strain for air!
You block the quicksilver ooze's attack.
The quicksilver ooze closely misses you.
You block the slime creature's attack.
The slime creature hits you but does no damage.
The quicksilver ooze hits you.
You block the quicksilver ooze's attack.
The slime creature hits you but does no damage.
The large slime creature hits you!!
* * * LOW HITPOINT WARNING * * *
You block the slime creature's attack.
The slime creature hits you but does no damage.
The quicksilver ooze hits you.
The quicksilver ooze closely misses you.
The slime creature hits you but does no damage.
You feel much better.
* * * LOW HITPOINT WARNING * * *
Your lungs strain for air!
The quicksilver ooze closely misses you.
You block the quicksilver ooze's attack.
The large slime creature completely misses you.
You furiously retaliate!
You headbutt the large slime creature!! The golden eye blinks at you.
You are confused.
The slime creature barely misses you.
The slime creature hits you but does no damage.
The slime creature barely misses you. The quicksilver ooze hits you.
The quicksilver ooze hits you but does no damage.
The golden eye blinks at you.
You easily resist.
The large slime creature barely misses you.
You fade into invisibility!
You die...

## #######################
##.##..##..#...#.#..##...##
#..........................
##.##...#...........##.....
#####............#.#.....#
##.###......#.............
####....#..JGJ...............
##.###......J@J..>............
#...#........JG...............
##.............................
##........................#.#...
#...................#..........#
##...................#.......#...
#....#...#.#..##............#...#
##........##................##...
#...##...##...........####.#.....


You could see a large slime creature, 3 slime creatures, a quicksilver ooze and
2 golden eyes.

Vanquished Creatures
  Bai Suzhen (Spider:3)
  A caustic shrike (Depths:3)
  A golden dragon (Depths:5)
  Arachne (Spider:4)
  2 bone dragons
  Jorgrun (D:12)
  A tentacled monstrosity (Depths:5)
  Rupert (D:11)
  3 liches
  Asterion (Spider:2)
  3 krakens
  3 sphinxes
  2 acid blobs (Slime:1)
  Polyphemus (Shoals:3)
  The ghost of Stajl the Tortoise, an adept MiFi of Trog (Depths:1)
  A tengu reaver (Depths:3)
  Kirke (D:12)
  2 shadow dragons (Depths:5)
  Roxanne (Spider:2)
  A storm dragon (Depths:4)
  9 fire giants
  10 frost giants
  An iron dragon (Depths:3)
  3 balrugs
  3 emperor scorpions (Spider:4)
  4 ghost moths (Spider:4)
  A draconian stormcaller (Depths:5)
  2 spriggan defenders (Depths:3)
  22 very ugly things
  A draconian annihilator (Depths:5)
  A reaper (Depths:4)
  14 stone giants
  A green draconian (Depths:5)
  A dire elephant (Lair:6)
  A purple draconian (Depths:5)
  A minotaur (Gauntlet)
  2 yellow draconians (Depths:5)
  5 entropy weavers
  6 spark wasps
  9 ettins
  Snorg (D:11)
  2 merfolk javelineers (Shoals:4)
  A blizzard demon (Abyss:3)
  7 fire dragons
  The ghost of ZodNigurash the Cleaver, a journeyman HOFi of Ashenzari (D:12)
  10 merfolk impalers
  4 rakshasas
  8 great orbs of eyes
  A vault guard (D:14)
  6 boulder beetles
  Harold (Orc:1)
  10 hydras
  5 ice dragons
  An ogre mage (D:13)
  2 catoblepae
  5 merfolk avatars
  5 spriggan air magi
  7 merfolk aquamancers
  An alligator snapping turtle (Shoals:2)
  The ghost of ZodNigurash the Basher, a journeyman GrFi of Ashenzari (D:9)
  3 centaur warriors
  12 two-headed ogres
  4 satyrs
  24 death yaks
  3 hell hogs (Depths:4)
  5 orc high priests (Orc:2)
  7 deep troll shamans
  10 tengu warriors
  2 thrashing horrors (Abyss:3)
  6 deep troll earth magi
  A vampire mage (Depths:1)
  Urug (D:13)
  5 spriggan berserkers
  9 spriggans
  Sonja (Lair:1)
  8 hell knights (Depths:5)
  Nergalle (D:11)
  10 iron trolls
  A wretched star (Abyss:3)
  A salamander mystic (Depths:5)
  15 sea snakes
  11 deep trolls
  A spatial maelstrom (Abyss:3)
  5 glowing orange brains
  2 wizards
  An obsidian statue (Depths:1)
  13 harpies
  2 deep elf zephyrmancers (D:15)
  9 orc knights (Orc:2)
  A wolf spider zombie (D:12)
  An oklob plant (Lair:6)
  2 large abominations (Abyss:3)
  3 necromancers
  22 orb spiders
  A deep elf pyromancer (D:15)
  2 shining eyes (Slime:1)
  21 wolf spiders
  11 ugly things
  20 fauns
  An orc sorcerer (Orc:2)
  4 cyclopes
  3 salamanders (Depths:5)
  18 manticores
  A spectral centaur (D:12)
  11 merfolk sirens
  2 ice statues (IceCv)
  Maurice (D:13)
  13 elephants
  A rust devil (Depths:3)
  A smoke demon (Abyss:3)
  7 water nymphs
  4 black mambas
  5 torpor snails
  Maggie (D:8)
  14 cane toads
  An orange demon (Depths:3)
  2 gargoyles
  13 komodo dragons
  A rime drake (shapeshifter) (D:14)
  9 demonic crawlers
  A freezing wraith (IceCv)
  4 rime drakes
  3 unseen horrors
  An entropy weaver simulacrum (IceCv)
  5 tengu conjurers
  A hellwing (Abyss:3)
  2 red devils (Abyss:3)
  32 merfolk
  12 polar bears
  A queen bee (Gauntlet)
  2 ancient zymes (Abyss:3)
  20 hornets
  43 jumping spiders
  A wolf spider simulacrum (D:15)
  3 meliai (Spider:2)
  6 wind drakes
  6 trolls
  Prince Ribbit (D:5)
  15 dream sheep
  10 snapping turtles
  12 blink frogs
  7 raiju
  A spectral meliai (D:12)
  27 slime creatures
  A shadow (D:11)
  14 water elementals
  29 tarantellas
  4 centaur simulacra
  Eustachio (D:5)
  69 redbacks
  6 wyverns
  2 vampires
  A wraith (D:13)
  A fire elemental (Depths:2)
  35 yaks
  A dire elephant simulacrum (IceCv)
  5 basilisks
  4 golden eyes
  2 steam dragons
  6 chaos spawn
  2 small abominations (Abyss:3)
  19 vampire mosquitoes
  A neqoxec (Depths:3)
  A redback simulacrum (D:12)
  9 wargs
  13 water moccasins
  5 acid dragons
  13 hell hounds (Lair:6)
  A meliai simulacrum (D:12)
  2 floating eyes (Depths:3)
  2 swamp drakes (Lair:6)
  45 orc warriors
  3 ice beasts
  13 black bears
  A hornet zombie (D:12)
  3 sky beasts
  3 ogres
  21 wolves
  5 centaurs
  2 kobold brigands
  Blork the orc (D:5)
  13 bullfrogs
  A gnoll sergeant (D:10)
  A cane toad simulacrum (IceCv)
  4 scorpions
  A water moccasin zombie (D:7)
  12 killer bees
  3 wights
  3 electric eels
  2 howler monkeys (D:7)
  2 bullfrog zombies
  6 centaur zombies
  A jelly (D:5)
  Crazy Yiuf (D:3)
  29 orc priests
  2 hounds
  3 centaur skeletons
  2 gnoll shamans
  5 iguanas
  Natasha (thrice) (D:2)
  Terence (D:3)
  19 orc wizards
  5 hell rats (Lair:1)
  2 lightning spires (Gauntlet)
  2 killer bee zombies
  A wolf simulacrum (IceCv)
  3 howler monkey zombies
  13 gnolls
  A howler monkey skeleton (D:7)
  10 adders
  2 river rats (Sewer)
  A white imp (Abyss:3)
  2 ufetubi
  An adder skeleton (D:5)
  A worm (D:2)
  3 dart slugs
  83 orcs
  10 ball pythons
  3 endoplasms
  A giant cockroach (D:2)
  3 goblins
  9 hobgoblins
  2 jackals (Sewer)
  14 kobolds
  7 quokkas
  4 bats
  A frilled lizard (D:3)
  4 rats
  A spectral hobgoblin (D:6)
  A butterfly (Lair:4)
  A plant (Lair:6)
  11 tentacles
1453 creatures vanquished.

Vanquished Creatures (collateral kills)
  A frost giant (Depths:1)
  A fire giant (Depths:1)
  A vampire knight (Depths:1)
  An ettin (Depths:1)
  A merfolk javelineer (Shoals:4)
  A merfolk impaler (Shoals:3)
  An alligator snapping turtle (Shoals:4)
  A swamp dragon (Lair:6)
  A deep troll (Depths:1)
  A deep elf zephyrmancer (Depths:4)
  An ugly thing (Depths:3)
  A faun (Shoals:3)
  An ice statue (IceCv)
  3 merfolk
  3 hornets (Spider:4)
  2 slime creatures (Slime:2)
  A ynoxinul (Abyss:3)
  A dire elephant simulacrum (IceCv)
  A golden eye (Slime:2)
  2 death yak simulacra (IceCv)
  2 elephant simulacra (IceCv)
  A polar bear simulacrum (IceCv)
29 creatures vanquished.

Vanquished Creatures (others)
  A frost giant (Depths:2)
  A large abomination (Abyss:3)
  A ynoxinul (Abyss:3)
  3 humans (D:12)
  A wolf (Lair:6)
  An orc wizard (D:7)
  An orc (D:7)
  13 fungi
  52 plants
  15 tentacles
89 creatures vanquished.

Grand Total: 1571 creatures vanquished

Notes
Turn   | Place    | Note
-------+----------+-------------------------------------------
     0 | D:1      | Stajl the Minotaur Fighter began the quest for the Orb.
     0 | D:1      | Reached XP level 1. HP: 19/19 MP: 0/0
    76 | D:1      | Found a faded altar of an unknown god.
    76 | D:1      | Noticed a golden eye
    80 | D:1      | Noticed a shining eye
    81 | D:1      | Noticed a golden eye
    81 | D:1      | Noticed a floating eye
    91 | D:1      | Reached skill level 3 in Polearms
   123 | D:1      | Reached XP level 2. HP: 26/26 MP: 1/1
   380 | D:1      | Reached skill level 4 in Polearms
   905 | D:2      | Reached XP level 3. HP: 31/31 MP: 2/2
  1287 | D:2      | Noticed Natasha
  1294 | D:2      | Killed Natasha
  1295 | D:2      | Reached skill level 5 in Polearms
  1295 | D:2      | Reached XP level 4. HP: 29/39 MP: 3/3
  1323 | D:2      | Noticed Natasha
  1330 | D:2      | Killed Natasha
  1377 | D:2      | Noticed Natasha
  1386 | D:2      | Killed Natasha
  1387 | D:2      | Reached skill level 6 in Polearms
  1486 | D:2      | Reached XP level 5. HP: 39/45 MP: 4/4
  1990 | D:3      | Found a runed translucent door.
  1991 | D:3      | Noticed Crazy Yiuf
  2114 | D:3      | Found a sacrificial altar of Ru.
  2115 | D:3      | Found a blossoming altar of Fedhas.
  2381 | D:3      | Noticed Terence
  2393 | D:3      | Killed Terence
  2921 | D:3      | Killed Crazy Yiuf
  2922 | D:3      | Reached skill level 7 in Polearms
  3184 | D:4      | Found a stormy altar of Qazlal.
  3367 | D:4      | Found a shimmering blue altar of Sif Muna.
  3471 | D:4      | Reached XP level 6. HP: 52/52 MP: 5/5
  3835 | D:5      | Entered Level 5 of the Dungeon
  3849 | D:5      | Noticed Eustachio
  3854 | D:5      | Killed Eustachio
  3951 | D:5      | Noticed Prince Ribbit
  3971 | D:5      | Reached skill level 8 in Polearms
  3971 | D:5      | Reached XP level 7. HP: 25/60 MP: 6/6
  3980 | D:5      | Killed Prince Ribbit
  3981 | D:5      | Reached skill level 5 in Fighting
  3981 | D:5      | Reached skill level 5 in Shields
  4282 | D:5      | Found a glowing drain.
  4294 | Sewer    | Entered a sewer
  4380 | Sewer    | Reached XP level 8. HP: 70/70 MP: 7/7
  4404 | Sewer    | Found a white marble altar of Elyvilon.
  4650 | D:5      | Found a bloodstained altar of Trog.
  4660 | D:5      | Became a worshipper of Trog the Wrathful
  4669 | D:5      | Noticed Blork the orc
  4671 | D:5      | Found a white marble altar of Elyvilon.
  4677 | D:5      | Killed Blork the orc
  4678 | D:5      | Reached skill level 9 in Polearms
  4693 | D:5      | Found an ancient bone altar of Kikubaaqudgha.
  5111 | D:5      | Identified a scroll of acquirement
  5111 | D:5      | Acquired 889 gold pieces
  5420 | D:6      | Reached * piety under Trog
  5620 | D:6      | Reached skill level 10 in Polearms
  5858 | D:6      | Found a hazy altar of Hepliaklqana.
  6068 | D:7      | Noticed a two-headed ogre
  6097 | D:7      | Killed a two-headed ogre
  6098 | D:7      | Reached XP level 9. HP: 73/81 MP: 8/8
  6102 | D:7      | Reached skill level 11 in Polearms
  6534 | D:7      | Found a staircase to the Ecumenical Temple.
  7401 | D:8      | Reached skill level 12 in Polearms
  7404 | D:8      | Reached ** piety under Trog
  7556 | D:8      | Reached XP level 10. HP: 65/91 MP: 9/9
  7598 | D:8      | Noticed Maggie
  7823 | D:8      | Killed Maggie
  8320 | D:9      | Noticed ZodNigurash's ghost (journeyman GrFi)
  8338 | D:9      | Found a runed translucent door.
  8352 | D:9      | Noticed a two-headed ogre
  8359 | D:9      | Killed a two-headed ogre
  8360 | D:9      | Reached skill level 10 in Fighting
  8360 | D:9      | Reached skill level 13 in Polearms
  8360 | D:9      | Reached skill level 10 in Shields
  8560 | D:9      | Found a radiant altar of Vehumet.
  8629 | D:9      | Paralysed by a hornet for 1 turns
  8938 | D:9      | Noticed a two-headed ogre
  8943 | D:9      | Killed a two-headed ogre
  8944 | D:9      | Reached skill level 14 in Polearms
  9302 | D:9      | Killed ZodNigurash's ghost
  9303 | D:9      | Reached XP level 11. HP: 101/101 MP: 10/10
  9367 | D:9      | Acquired the +1 hat "Anininud" {rC+ Slay+3}
  9376 | D:10     | Entered Level 10 of the Dungeon
  9426 | D:10     | Noticed a two-headed ogre
  9436 | D:10     | Killed a two-headed ogre
  9928 | D:10     | Found a staircase to the Lair.
  9960 | D:10     | Reached *** piety under Trog
 10085 | D:10     | Noticed a two-headed ogre
 10091 | D:10     | Killed a two-headed ogre
 10137 | D:10     | Found Bariekun's Serpentskin Sales.
 10146 | D:10     | Reached skill level 5 in Armour
 10395 | D:11     | Noticed a two-headed ogre
 10405 | D:11     | Killed a two-headed ogre
 10751 | D:11     | Noticed a two-headed ogre
 10759 | D:11     | Killed a two-headed ogre
 11115 | D:12     | Reached XP level 12. HP: 106/113 MP: 11/11
 11181 | D:12     | Reached **** piety under Trog
 11183 | D:12     | Noticed a two-headed ogre
 11198 | D:12     | Killed a two-headed ogre
 11331 | D:12     | Noticed Kirke
 11449 | D:12     | Killed Kirke
 11505 | D:12     | Found a staircase to the Orcish Mines.
 11530 | D:12     | Noticed Nergalle
 11542 | D:12     | Noticed a boulder beetle
 11550 | D:12     | Noticed Jorgrun
 11893 | D:12     | Noticed Rupert
 12278 | D:12     | Noticed Snorg
 12287 | D:11     | Killed Rupert
 12984 | D:11     | Killed Snorg
 13130 | D:11     | Killed Nergalle
 13422 | D:12     | Killed a boulder beetle
 13490 | D:12     | Killed Jorgrun
 13491 | D:12     | Reached skill level 10 in Armour
 13491 | D:12     | Reached XP level 13. HP: 85/125 MP: 12/12
 14051 | D:12     | Found a runed translucent gate.
 14051 | D:12     | Found a runed translucent gate.
 14051 | D:12     | Found a runed translucent gate.
 14051 | D:12     | Noticed ZodNigurash's ghost (journeyman HOFi)
 14313 | D:12     | Killed ZodNigurash's ghost
 14566 | D:13     | Noticed Maurice
 14574 | D:13     | Killed Maurice
 14599 | D:13     | Found a gate to the Vaults.
 14624 | D:13     | Paralysed by an ogre mage for 6 turns
 14631 | D:13     | Reached ***** piety under Trog
 14636 | D:13     | Reached skill level 15 in Fighting
 14636 | D:13     | Reached skill level 15 in Shields
 15143 | D:13     | Found Wyfript's Armour Emporium.
 15203 | D:13     | Noticed Urug
 15220 | D:13     | Killed Urug
 15679 | D:14     | Found Sotox's Jewellery Emporium.
 16282 | D:14     | Reached XP level 14. HP: 117/136 MP: 13/13
 16347 | D:14     | Found a portal to a secret trove of treasure.
 16577 | D:14     | Reached skill level 15 in Polearms
 16577 | D:14     | Reached XP level 15. HP: 145/145 MP: 14/14
 16591 | D:15     | Entered Level 15 of the Dungeon
 16708 | D:15     | Found a gate leading to a gauntlet.
 16717 | Gauntlet | Entered a Gauntlet
 16717 | Gauntlet | Found a transporter.
 16777 | Gauntlet | Found a transporter.
 16779 | Gauntlet | Found a transporter.
 16790 | Gauntlet | Found a transporter.
 16793 | Gauntlet | Found a transporter.
 16801 | Gauntlet | Found a transporter.
 16819 | Gauntlet | Found a transporter.
 16830 | Gauntlet | Found a transporter.
 16841 | Gauntlet | Found a transporter.
 16855 | Gauntlet | Found a transporter.
 16869 | Gauntlet | Found a transporter.
 16869 | Gauntlet | Found a transporter.
 16911 | Gauntlet | Found a transporter.
 16925 | Gauntlet | Found a transporter.
 17174 | Gauntlet | Identified the +0 pair of gloves of Huum {rElec Str+3}
 17180 | Gauntlet | Identified the ring "Manut" {rPois rF+ Int+2}
 17341 | Gauntlet | Identified the +8 hand crossbow of Might {venom, Will+
                  | Int+5 Stlth+}
 17341 | Gauntlet | Identified the amulet "Wenihiat" {Reflect Fly rPois rCorr
                  | SH+5}
 17371 | Gauntlet | Identified the +0 helmet of Sif Muna's Hope {rC+}
 17992 | D:15     | Found a staircase to the Depths.
 18250 | Lair:1   | Entered Level 1 of the Lair of Beasts
 18300 | Lair:1   | Noticed Sonja
 18310 | Lair:1   | Killed Sonja
 19661 | Lair:2   | You are sucked into a shaft and drop 2 floors!
 19675 | Lair:4   | Identified the +4 scale mail "Killenku" {rCorr Int+2}
 20133 | Lair:3   | Reached skill level 16 in Polearms
 20273 | Lair:3   | Found a hole to the Spider Nest.
 20322 | Lair:3   | Found a staircase to the Shoals.
 20977 | Lair:3   | Reached ****** piety under Trog
 20990 | Lair:3   | Identified the +5 great sword "Bat Ukaa" {vorpal, +Rage rN+
                  | Str+2 Stlth-}
 21787 | Lair:4   | Received a gift from Trog
 22323 | Lair:4   | Reached skill level 15 in Armour
 22662 | Lair:5   | Reached XP level 16. HP: 157/157 MP: 15/15
 22718 | Lair:5   | Reached skill level 17 in Polearms
 23666 | Lair:5   | Identified the +3 leather armour "Jifusch" {-Cast Dex+3}
 23686 | Lair:6   | Entered Level 6 of the Lair of Beasts
 23810 | Lair:6   | Received a gift from Trog
 23949 | Lair:6   | Found a frozen archway.
 24088 | IceCv    | Entered an ice cave
 24427 | Lair:6   | Found a staircase to the Slime Pits.
 24603 | Lair:6   | Received a gift from Trog
 25548 | Lair:6   | Acquired a manual of Polearms
 26002 | Orc:1    | Entered Level 1 of the Orcish Mines
 26234 | Orc:2    | Entered Level 2 of the Orcish Mines
 26560 | Orc:2    | Reached skill level 18 in Polearms
 26560 | Orc:2    | Received a gift from Trog
 27157 | Orc:2    | Found Etinynyo's Weapon Boutique.
 27160 | Orc:2    | Found Mual's Magic Scroll Shop.
 27161 | Orc:2    | Found Kugaam's Antique Armour Boutique.
 27162 | Orc:2    | Found Cozxegeg's Antique Weapon Boutique.
 27297 | Orc:2    | Found Leduwku's Assorted Antiques.
 27525 | Orc:2    | Bought a square pearl amulet for 155 gold pieces
 27525 | Orc:2    | Bought a glowing cloak for 232 gold pieces
 27576 | Orc:2    | Found a staircase to the Elven Halls.
 27902 | Orc:1    | Found Huasyg's Armour Emporium.
 27916 | Orc:1    | Noticed Harold
 27932 | Orc:1    | Killed Harold
 27933 | Orc:1    | Reached XP level 17. HP: 148/168 MP: 5/16
 28350 | Depths:1 | Entered Level 1 of the Depths
 28580 | Depths:1 | Reached skill level 19 in Polearms
 28864 | Depths:1 | Found a gateway to Hell.
 29387 | Depths:1 | Found an ancient bone altar of Kikubaaqudgha.
 29524 | Depths:1 | Found a runed translucent gate.
 29524 | Depths:1 | Found a runed translucent gate.
 29524 | Depths:1 | Found a runed translucent gate.
 29526 | Depths:1 | Found an opulent altar of Gozag.
 29526 | Depths:1 | Found Topt's Assorted Antiques.
 29528 | Depths:1 | Noticed Stajl's ghost (adept MiFi)
 29555 | Depths:1 | Received a gift from Trog
 29565 | Depths:1 | Identified the +0 scale mail "Epponi" {Int+4}
 29751 | Depths:1 | Found a broken altar of Ashenzari.
 29751 | Depths:1 | Found a shimmering altar of Xom.
 29753 | Depths:1 | Found a hide-covered altar of Uskayaw.
 29753 | Depths:1 | Found a sparkling altar of Nemelex Xobeh.
 29753 | Depths:1 | Found a snail-covered altar of Cheibriados.
 29926 | Depths:1 | Found Laem Ups's Assorted Antiques.
 30053 | Depths:1 | Paralysed by a vampire knight for 4 turns
 30301 | Depths:1 | Killed Stajl's ghost
 30423 | Depths:1 | Bought an embroidered cloak for 315 gold pieces
 30626 | Depths:2 | Reached skill level 20 in Polearms
 30998 | Depths:2 | Found a sacrificial altar of Ru.
 31019 | Depths:2 | Found Rauffiez's General Store.
 31083 | Depths:2 | Cast into level 3 of the Abyss (a wizard)
 31253 | Abyss:3  | Noticed a bone dragon
 31268 | Abyss:3  | Killed a bone dragon
 31474 | Abyss:3  | Noticed a lich
 31488 | Abyss:3  | Killed a lich
 31519 | Abyss:3  | Found a shimmering blue altar of Sif Muna.
 31704 | Abyss:3  | Received a gift from Trog
 31707 | Depths:2 | Escaped the Abyss
 32147 | Depths:2 | Reached skill level 21 in Polearms
 32154 | Depths:2 | HP: 7/171 [wizard/fireball (42)]
 32671 | Depths:2 | Found a transporter.
 32736 | Depths:2 | Reached XP level 18. HP: 180/180 MP: 17/17
 32815 | Depths:1 | Bought a scroll of fear for 147 gold pieces
 33249 | Depths:2 | Noticed a juggernaut
 33504 | Depths:3 | Noticed a lich
 33514 | Depths:3 | Killed a lich
 34513 | Depths:3 | Found a runed translucent door.
 34658 | Depths:3 | Reached skill level 22 in Polearms
 35717 | Depths:3 | Found a one-way gate leading to the halls of Pandemonium.
 35876 | Depths:3 | Received a gift from Trog
 36372 | Depths:3 | Noticed a caustic shrike
 36378 | Depths:3 | Killed a caustic shrike
 36832 | Depths:3 | Noticed a lich
 36852 | Depths:3 | Killed a lich
 36857 | Depths:3 | Reached XP level 19. HP: 129/191 MP: 18/18
 38209 | Depths:4 | Found a gateway to a ziggurat.
 38329 | Depths:4 | Received a gift from Trog
 38356 | Depths:4 | Reached skill level 23 in Polearms
 38545 | Depths:4 | Found a one-way gate to the infinite horrors of the Abyss.
 38632 | Depths:4 | Found a glowing silver altar of Zin.
 38752 | Depths:5 | Entered Level 5 of the Depths
 39294 | Depths:5 | Paralysed by a great orb of eyes for 3 turns
 39874 | Depths:5 | Found a gate to the Realm of Zot.
 39874 | Depths:5 | Noticed a bone dragon
 39887 | Depths:5 | Killed a bone dragon
 39898 | Depths:5 | Noticed a golden dragon
 39912 | Depths:5 | Killed a golden dragon
 39913 | Depths:5 | Reached XP level 20. HP: 160/202 MP: 19/19
 40212 | Depths:5 | Received a gift from Trog
 40367 | Depths:5 | Found an iron altar of Okawaru.
 40956 | Shoals:1 | Entered Level 1 of the Shoals
 41342 | Shoals:1 | Identified the +0 helmet of the Forest {rF+ Regen+}
 41408 | Shoals:1 | Identified the +5 trident of Equivalence {flame, *Corrode
                  | Str+6}
 42085 | Shoals:2 | Reached skill level 24 in Polearms
 43046 | Shoals:3 | Received a gift from Trog
 43268 | Shoals:3 | Found Nismil's Antique Weapon Boutique.
 43818 | Shoals:3 | Noticed Polyphemus
 43838 | Shoals:3 | Killed Polyphemus
 44245 | Shoals:4 | Entered Level 4 of the Shoals
 44250 | Shoals:4 | Received a gift from Trog
 44869 | Shoals:4 | Identified the ring "Jotaacaq" {Fly rN+}
 45181 | Shoals:4 | Reached XP level 21. HP: 84/213 MP: 20/20
 45476 | Shoals:4 | Got a barnacled rune of Zot
 45791 | Shoals:4 | Found Qehut's Assorted Antiques.
 45797 | Shoals:4 | Bought an ichor-stained plate armour for 1120 gold pieces
 45797 | Shoals:4 | Identified the +2 plate armour of Springtime {Stlth+} (You
                  | bought it in a shop on level 4 of the Shoals)
 46424 | Spider:1 | Entered Level 1 of the Spider Nest
 47340 | Spider:2 | Received a gift from Trog
 47372 | Spider:2 | Noticed Asterion
 47385 | Spider:2 | Killed Asterion
 47514 | Spider:2 | Noticed Roxanne
 47528 | Spider:2 | Killed Roxanne
 47763 | Spider:2 | Reached skill level 25 in Polearms
 48084 | Spider:3 | Noticed Bai Suzhen
 48101 | Spider:3 | Killed Bai Suzhen
 48142 | Spider:3 | Received a gift from Trog
 48174 | Spider:3 | Identified the -1 pair of gloves of Ufottuna {Int+6}
 48686 | Spider:4 | Entered Level 4 of the Spider Nest
 48975 | Spider:4 | Noticed Arachne
 49003 | Spider:4 | Killed Arachne
 49054 | Spider:4 | Received a gift from Trog
 49303 | Spider:4 | Got a gossamer rune of Zot
 49907 | Spider:1 | Acquired a manual of Dodging
 50089 | Slime:1  | Entered Level 1 of the Pits of Slime
 50109 | Slime:1  | Reached skill level 1 in Dodging
 50112 | Slime:1  | Gained mutation: You do not regenerate when monsters are
                  | visible. [a shining eye]
 50114 | Slime:1  | Reached XP level 22. HP: 183/224 MP: 21/21
 50115 | Slime:1  | Gained mutation: You tend to lose your temper in combat. [a
                  | shining eye]
 50117 | Slime:1  | Gained mutation: Your body sometimes deteriorates upon
                  | taking damage. [a shining eye]
 50274 | Slime:1  | Gained mutation: Your magical capacity is low. (-10% MP) [a
                  | shining eye]
 51074 | Slime:1  | Drowned by a quicksilver ooze

Illustrated notes

Levels and vault maps discovered:
D:1:      heliophobic_arrival_glass_houses, layout_loops_ring,
          hellmonk_ecumenical_altar_watching_god, feat_on_display
D:2:      layout_loops_corners, minmay_vboxes, uniq_natasha
D:3:      layout_basic, mainiacjoe_overflow_divided_tiny, uniq_terence,
          uniq_crazy_yiuf_cottage
D:4:      layout_gridville, mainiacjoe_overflow_alcove_4, kennysheep_mini
D:5:      layout_basic, mainiacjoe_overflow_tiny_flanked,
          mainiacjoe_overflow_catwalk_spiral, portal_sewer_entry_d,
          uniq_eustachio, uniq_blork_the_orc, uniq_prince_ribbit1
D:6:      layout_cave_pools, nicolae_hepliaklqana_monster_ancestors,
          corexii_item_surrounded_by_moat
D:7:      layout_basic, minmay_temple_entry_wispy
D:8:      layout_cave_pools, uniq_maggie
D:9:      layout_roguey, mainiacjoe_overflow_concentric_impassable,
          hellmonk_ghost_happy_afterlife
D:10:     layout_loops_ring, david_lair_generic, guppyfry_shop_venom
D:11:     layout_loops_ring, nzn_life_drinkers
D:12:     layout_long_grid, hiddenorc2_lemuel, gammafunk_ghost_necromancy,
          roderic_roman_lattice, uniq_snorg, uniq_jorgrun, uniq_nergalle,
          uniq_rupert, uniq_kirke
D:13:     layout_cave_pools, david_vaults_2, serial_shops, shop, uniq_maurice,
          uniq_urug
D:14:     layout_long_grid, enter_trove_5, serial_shops,
          nicolae_shop_waterfront, palyth_stone_intersect
D:15:     grunt_enter_depths_magical_seal, layout_basic, gauntlet_entry_generic,
          chequers_serial_rivers_micro_d, hangedman_decor_growths
Lair:1:   layout_cave_pods, grunt_megastairs_5, uniq_sonja
Lair:2:   layout_gridlike, serial_bayou_shore_a, grunt_megastairs_4
Lair:3:   layout_small_grid, minmay_shoals_entry_hut,
          spider_nest_entry_web_field, minmay_shattered_shrine
Lair:4:   layout_cave_pods, cheibrodos_lair_lostbears, lemuel_fruit_fields
Lair:5:   layout_loops_ring, small_statue_intersection, grunt_megastairs_2
Lair:6:   hangedman_lair_caniforms_friends, layout_cave_pods,
          guppyfry_lair_end_dragon, minmay_slime_entry_oklob_enclosed,
          portal_ice_cave_entry_pillars_1
Shoals:1: layout_shoals
Shoals:2: layout_shoals, nicolae_shoals_kraken_intersection
Shoals:3: layout_shoals, serial_shops, nicolae_take_the_stairs, uniq_polyphemus
Shoals:4: shoals_end_grunt_ice, layout_shoals, serial_shops,
          nicolae_square_shop, nicolae_shoals_wave_tunnel
Spider:1: layout_spider_delve, spiders_nest_hornet_nest
Spider:2: layout_spider_delve, uniq_asterion, uniq_roxanne
Spider:3: layout_spider_delve, uniq_bai_suzhen
Spider:4: johnstein_spider_rune_arachne_lair, nicolae_spider_webs_and_nodes
Slime:1:  layout_caves
Slime:2:  layout_caves
Orc:1:    nicolae_orc_accident_2, layout_diamond_mine, basic_altar,
          serial_shops, shop, uniq_harold
Orc:2:    st_orc_pillars, layout_caves, serial_shops, shop, nooodl_orcs_dogs
Depths:1: layout_small_grid, minmay_misc_feat_tower, ebering_ghost_gozag,
          hell_entry, doesnt_xom_only_xom, kennysheep_random_hallway
Depths:2: emtedronai_trogs_sanctum, layout_basic, hell_entry, serial_glass,
          glass_columns_a, glass_columns_b, item_on_display_a, feat_on_display,
          minmay_strange_pillars, feat_on_display, serial_shops, shop,
          nicolae_ru_awakened_eye
Depths:3: nzn_winding_woodlands_medium [nzn_winding_woodlands_5x5_perimeter,
          nzn_winding_woodlands_5x15_garden,
          nzn_winding_woodlands_5x5_checkerboard,
          nzn_winding_woodlands_5x5_closed_star,
          nzn_winding_woodlands_center_triple_pond,
          nzn_winding_woodlands_hourglass, nzn_winding_woodlands_5x5_three,
          nzn_winding_woodlands_5x15_zeroes,
          nzn_winding_woodlands_5x5_open_star], layout_gridlike, hell_entry,
          grunt_pan_entry_zigzag, bh_walls_and_bars, st_stairs_5,
          kennysheep_treasure_room, infiniplex_staircase_pillars_3b
Depths:4: hangedman_elemental_death_ray, layout_long_grid, enter_ziggurat_c,
          pf_dread_powers_of_hell, abyss_entry_crystal, zin_treasury,
          minmay_staircase_statues_hall_small
Depths:5: grunt_zot_entry_tricorne, layout_cave_pools, pan_entry, hell_entry,
          okawaru_ov_weapons_minmay

Skill      XL: |  1  2  3  4  5  6  7  8  9 10 11 12 13 14 15 16 17 18 19 20 21 22 |
---------------+-------------------------------------------------------------------+-----
Polearms       | 3 4 5 6 7 8 10 12 14 15 16 18 21 22 23 24 25 | 25.5
Fighting       | 4 6 8 9 10 12 14 15 16 17 19 20 21 22 23 24 | 24.7
Shields        | 4 6 8 9 10 12 14 15 | 15.2
Armour         | 6 10 12 13 15 16 18 19 20 22 23 | 23.1
Dodging        | 1 2 |  2.3

Action                   |  1- 3 |  4- 6 |  7- 9 | 10-12 | 13-15 | 16-18 | 19-21 | 22-24 || total
-------------------------+-------+-------+-------+-------+-------+-------+-------+-------++-------
Melee: Trident           |    70 |   125 |   312 |   605 |   911 |   906 |       |       ||  2929
       Headbutt          |     9 |    19 |    61 |   154 |   280 |   414 |   372 |     6 ||  1315
       Demon trident     |       |       |       |       |       |   586 |  1741 |    31 ||  2358
Invok: Berserk           |       |       |     1 |    13 |     2 |     7 |     2 |       ||    25
       Brothers in Arms  |       |       |       |       |       |    13 |     6 |     1 ||    20
Evoke: Wand              |       |       |       |       |       |       |     1 |       ||     1
  Use: Potion            |       |     1 |     2 |     2 |     1 |     8 |     3 |     5 ||    22
       Scroll            |       |     8 |     8 |     5 |    11 |     4 |    15 |       ||    51
 Stab: Distracted        |       |       |       |       |       |     3 |     1 |       ||     4
       Petrified         |       |       |       |       |       |       |     2 |       ||     2
       Held in net/web   |       |       |       |       |       |       |     2 |       ||     2
Armor: Scale mail        |    25 |    19 |       |       |       |       |       |       ||    44
       Ring mail         |       |    15 |    82 |    40 |   172 |   150 |       |       ||   459
       Skin              |       |       |       |     4 |       |    33 |     8 |       ||    45
       Troll leather arm |       |       |       |       |       |       |    40 |       ||    40
       Gold dragon scale |       |       |       |       |       |       |   377 |    79 ||   456
Dodge: Dodged            |    16 |    30 |    44 |    82 |   113 |   169 |   205 |    35 ||   694
Block: Kite shield       |    22 |    52 |   199 |   351 |   544 |   743 |  1001 |    10 ||  2922
       Reflection        |       |       |    18 |    14 |    14 |    24 |    87 |       ||   157
